Map: Backwater LE

Players

axu - Winner!

  • Race: Protoss Protoss
  • League: Platinum
  • Spawn Location: 5:00

Frostbite

  • Race: Zerg Zerg
  • League: Platinum
  • Spawn Location: 11:00

VOD

Have the link to the VOD?

Description

Time

  • Played on: April 20, 2018, 11:30 a.m.
  • Length: 6:08
Show
View Real Time Build Order
Export as new Build Order

axu Protoss - Winner!

Build Orders:  

Get SALT Encoding   

  12  0:00  Probe  
  13  0:13  Probe  
  14  0:21  Pylon  
  14  0:26  Probe  
  15  0:39  Probe  
  15  0:42  Gateway  
  16  0:50  Probe  
  16  0:54  Assimilator  
  17  0:58  Probe  
  18  1:10  Probe  
  19  1:29  Probe  
  19  1:31  Zealot  
  20  1:38  Cybernetics Core  
  22  1:40  Gateway  
  22  1:41  Probe  
  23  1:55  Pylon  
  23  1:57  Pylon  
  23  2:13  Probe  
  23  2:14  Adept  
  24  2:16  Shield Battery  
  26  2:33  Adept  
  28  2:50  Nexus  
  28  2:54  Probe  
  28  2:56  Assimilator  
  29  2:59  Pylon  
  29  3:01  Adept  
  31  3:06  Probe  
  31  3:08  Twilight Council  
  32  3:18  Probe  
  33  3:27  Adept  
  35  3:29  Adept  
  35  3:33  Probe  
  38  3:35  Resonating Glaives  
  38  3:38  Warp Gate  
  38  3:45  Probe  
  39  3:58  Probe  
  40  4:08  Probe  
  41  4:10  Probe  
  41  4:14  Adept x2  
  46  4:20  Probe  
  46  4:21  Stargate  
  46  4:22  Probe  
  48  4:32  Probe  
  48  4:34  Probe, Pylon  
  50  4:40  Pylon  
  50  4:50  Probe x2  
  52  4:53  Adept x2  
  56  5:02  Probe x2  
  57  5:14  Probe x2  
  59  5:41  Adept x2  
Show
View Real Time Build Order
Export as new Build Order

Frostbite Zerg 

Build Orders: Pool First 

Get SALT Encoding   

  12  0:01  Drone  
  13  0:10  Drone  
  14  0:26  Spawning Pool  
  13  0:34  Overlord  
  13  0:38  Drone  
  13  0:41  Extractor  
  13  0:45  Drone  
  14  1:13  Zergling x2  
  14  1:14  Zergling x4  
  17  1:31  Hatchery  
  16  1:36  Drone  
  16  1:37  Drone  
  18  1:52  Queen  
  20  2:00  Metabolic Boost  
  20  2:48  Drone x4  
  24  3:11  Drone x4  
  28  3:15  Hatchery  
  27  3:21  Overlord  
  27  3:39  Queen  
  29  3:52  Drone x6  
  29  3:54  Extractor  
  34  3:58  Extractor  
  33  4:04  Evolution Chamber  
  33  4:06  Drone x2  
  33  4:08  Evolution Chamber, Roach Warren  
  32  4:15  Spine Crawler  
  31  4:23  Zergling x4  
  31  4:24  Zergling x4  
  35  4:32  Zergling x6  
  35  4:33  Zergling x2  
  39  5:16  Drone x3  
Tags
 
Add a new tag
Caveats
  • Supply blocks, unpowered buildings, or Contaminate may cause inaccurate times.
  • Supply counts are checked every 10 seconds.